 Dungeon Crawl Stone Soup version 0.20.0-10-g0535bb4 (webtiles) character file.

5629 kuniqs the Blocker (level 10, -16/136 HPs)
             Began as a Minotaur Fighter on June 7, 2017.
             Was a Follower of Ru.
             Demolished by Snorg (18 damage)
             ... on level 10 of the Dungeon.
             The game lasted 00:12:01 (8690 turns).

kuniqs the Blocker (Minotaur Fighter)               Turns: 8690, Time: 00:12:02

Health: -16/136    AC: 25    Str: 25    XL:     10   Next: 46%
Magic:  9/9        EV:  2    Int:  5    God:    Ru [*.....]
Gold:   290        SH: 11    Dex:  7    Spells: 9/9 levels left

rFire    . . .     SeeInvis .   M - +3 war axe
rCold    . . .     Gourm    .   c - +0 shield
rNeg     + + +     Faith    .   (armour currently unavailable)
rPois    +         Spirit   .   (helmet currently unavailable)
rElec    .         Reflect  .   (cloak currently unavailable)
rCorr    .         Harm     .   (gloves currently unavailable)
MR       .....     NoTele   +   (boots currently unavailable)
Stlth    +.........             (no amulet)
Regen    0.4/turn               y - ring of poison resistance
MPRegen  0.2/turn               (no ring)

@: tree-form (expiring), very slightly contaminated
A: (retaliatory headbutt), blink, clumsy 1, no charms magic, no poison magic, no
transmutations magic
a: Blink, Renounce Religion


You were on level 10 of the Dungeon.
You worshipped Ru.
Ru was aware of your devotion.
You were not hungry.
You were a tree.
You visited 2 branches of the dungeon, and saw 11 of its levels.

You collected 622 gold pieces.
You spent 332 gold pieces at shops.

Inventory:

Hand Weapons
 L - a +0 war axe of flaming
 M - a +3 war axe (weapon)
Armour
 a - a +0 plate armour (melded)
 c - a +0 shield (worn)
 A - a +2 cloak (melded)
 I - a +0 pair of boots (melded)
Jewellery
 y - a ring of poison resistance (left branch)
 K - a +3 ring of dexterity {unknown}
Wands
 g - a wand of acid (8/15)
 J - a wand of confusion (20/48)
Scrolls
 b - 2 scrolls of fog {unknown}
 i - 3 scrolls of enchant armour {unknown}
 k - 15 scrolls of identify {@r1}
 n - a scroll of fear {unknown}
 o - 4 scrolls of blinking
 p - 5 scrolls of remove curse {@r2}
 r - 2 scrolls of random uselessness {unknown}
 u - a scroll of noise {unknown}
 x - 3 scrolls of magic mapping {unknown}
 B - a scroll of brand weapon {unknown}
 D - a scroll of silence {unknown}
 F - a scroll of acquirement {unknown}
 G - 3 scrolls of teleportation
 H - a scroll of holy word {unknown}
Potions
 h - 2 potions of lignification
 j - a potion of curing {@q1}
 l - 5 potions of haste
 q - a potion of invisibility
 s - a potion of resistance {unknown}
 t - 2 potions of mutation
 v - a potion of might
Comestibles
 d - 5 bread rations
 e - 9 meat rations
 f - 2 fruits
 m - a chunk of flesh
 C - 10 royal jellies


   Skills:
 + Level 9.2 Fighting
 + Level 8.8 Axes
 + Level 9.2 Armour
 + Level 7.4 Dodging
 + Level 9.3 Shields


You had 9 spell levels left.
You didn't know any spells.

Dungeon Overview and Level Annotations

Branches:
Dungeon (10/15)            Temple (1/1) D:7
   Lair: D:8-11         Orc: D:9-12

Altars:
Ashenzari
Cheibriados
Dithmenos
Elyvilon
Fedhas
Gozag
Hepliaklqana
Kikubaaqudgha
Makhleb
Nemelex Xobeh
Okawaru
Qazlal
Ru
Sif Muna
Trog
Uskayaw
Vehumet
Xom
Yredelemnul
Zin
The Shining One

Shops:
D:4 *!   D:8 *   D:10 %*

Annotations:
D:8 exclusion: ice statue
D:10 Gastronok, Snorg


Innate Abilities, Weirdness & Mutations

((You reflexively headbutt those who attack you in melee.))
((You have a pair of horns on your head.))
You cannot study or cast Charms magic.
You cannot study or cast Poison magic.
You cannot study or cast Transmutations magic.
You can translocate small distances at will.
You are clumsy. (Dex -2)


Message History

Snorg claws you but does no damage. Snorg barely misses you.
You block Snorg's attack. Snorg claws you!
* * * LOW HITPOINT WARNING * * *
Snorg claws you.
* * * LOW HITPOINT WARNING * * *
You hit Snorg.
Snorg is almost dead.
Snorg bites you but does no damage. Snorg claws you but does no damage. x2
You block Snorg's attack. Snorg claws you but does no damage.
You block Snorg's attack.
You slash Snorg!
Snorg is almost dead.
You block Snorg's attack. x2; Snorg claws you!
* * * LOW HITPOINT WARNING * * *
You hit Snorg.
Snorg is almost dead.
Your transformation is almost over.
Snorg bites you but does no damage. Snorg claws you but does no damage. x2
Snorg bites you!!
You die...

#.......#
#.......#
#.......#
#.......#
#.......#
#.......#
#.####..#
#T.# #♣.#
#..# #..#
#...
#....
#..###
#..# #..#


You could see Snorg (berserk).

Vanquished Creatures
  Pikel (D:7)
  An ugly thing (D:9)
  Maurice (D:10)
  A hornet (D:8)
  Grinder (D:5)
  3 soldier ants
  2 water moccasins
  Duvessa (D:7)
  2 porcupines (D:10)
  An orc warrior (D:5)
  A sky beast (D:8)
  A black bear (D:10)
  3 slaves (D:7)
  A necrophage (D:7)
  4 ice beasts
  2 ogres
  A centaur (D:9)
  A crocodile (D:9)
  A big kobold (D:7)
  A gnoll sergeant (D:10)
  3 bullfrogs (D:7)
  Dowan (D:7)
  3 scorpions
  3 wights (D:10)
  A howler monkey (D:5)
  2 crimson imps
  Crazy Yiuf (D:7)
  7 orc priests
  2 centaur skeletons (D:7)
  7 hounds
  2 jellies
  9 orc wizards
  3 bullfrog skeletons
  2 iguanas
  5 worker ants
  A hound skeleton (D:7)
  A howler monkey zombie (D:6)
  A worker ant zombie (D:7)
  5 gnolls (D:10)
  8 adders
  A shadow imp (D:7)
  2 oozes (D:4)
  4 adder zombies
  An adder skeleton (D:5)
  2 worms
  The ghost of Yermak the Chopper, a weakling DDGl (D:3)
  A dart slug (D:2)
  8 leopard geckos
  35 orcs
  3 ball pythons (D:4)
  3 giant cockroaches
  4 goblins
  4 hobgoblins
  3 jackals (D:3)
  A quokka (D:6)
  8 bats
  2 frilled lizards (D:1)
  13 kobolds
  7 rats
200 creatures vanquished.

Vanquished Creatures (others)
  A bullfrog (D:9)
  A fungus (D:10)
2 creatures vanquished.

Grand Total: 202 creatures vanquished

Notes
Turn   | Place    | Note
-------+----------+-------------------------------------------
     0 | D:1      | kuniqs the Minotaur Fighter began the quest for the Orb.
     0 | D:1      | Reached XP level 1. HP: 19/19 MP: 0/0
     6 | D:1      | Noticed a hound
     6 | D:1      | Noticed a wyvern
     6 | D:1      | Noticed a water moccasin
     6 | D:1      | Noticed a black bear
     6 | D:1      | Noticed an iguana
   142 | D:1      | Reached XP level 2. HP: 22/27 MP: 1/1
   301 | D:1      | Reached skill level 1 in Dodging
   494 | D:2      | Found a blossoming altar of Fedhas.
   494 | D:2      | Found a hazy altar of Hepliaklqana.
   596 | D:2      | Found a glowing golden altar of the Shining One.
   628 | D:2      | Reached XP level 3. HP: 33/33 MP: 2/2
  1185 | D:3      | Noticed Yermak's ghost (weakling DDGl)
  1404 | D:3      | Reached XP level 4. HP: 40/40 MP: 3/3
  1784 | D:3      | Found a snail-covered altar of Cheibriados.
  1810 | D:3      | Killed Yermak's ghost
  1867 | D:3      | Reached XP level 5. HP: 43/47 MP: 4/4
  2149 | D:4      | Reached skill level 5 in Fighting
  2226 | D:4      | Reached XP level 6. HP: 53/56 MP: 5/5
  2267 | D:4      | Found a white marble altar of Elyvilon.
  2284 | D:4      | Found Nugerof's Distillery.
  2288 | D:4      | Bought a potion of curing for 30 gold pieces
  2288 | D:4      | Bought a potion of haste for 100 gold pieces
  2288 | D:4      | Bought a potion of degeneration for 10 gold pieces
  2288 | D:4      | Bought a potion of lignification for 30 gold pieces
  2358 | D:4      | Found Sotog's Serpentskin Sales.
  2359 | D:4      | Noticed a water moccasin
  2364 | D:4      | Killed a water moccasin
  2364 | D:4      | Reached skill level 5 in Shields
  2743 | D:4      | Reached skill level 5 in Armour
  2974 | D:4      | Reached XP level 7. HP: 40/61 MP: 6/6
  3412 | D:5      | Entered Level 5 of the Dungeon
  3472 | D:5      | Noticed Grinder
  3488 | D:5      | Killed Grinder
  3488 | D:5      | Reached skill level 5 in Axes
  4130 | D:5      | Reached XP level 8. HP: 70/70 MP: 7/7
  4197 | D:5      | Found a shimmering altar of Xom.
  4198 | D:5      | Found a shimmering altar of Xom.
  4199 | D:5      | Found a shimmering altar of Xom.
  4199 | D:5      | Found a shimmering altar of Xom.
  4199 | D:5      | Found a shimmering altar of Xom.
  4201 | D:5      | Found a shimmering altar of Xom.
  4202 | D:5      | You fall through a shaft!
  5188 | D:6      | Reached skill level 5 in Dodging
  5420 | D:7      | Found a hide-covered altar of Uskayaw.
  5539 | D:7      | Reached XP level 9. HP: 79/79 MP: 8/8
  5624 | D:7      | Noticed Pikel
  5645 | D:7      | Killed Pikel
  5998 | D:7      | Noticed Duvessa
  5998 | D:7      | Noticed Dowan
  6021 | D:7      | Killed Duvessa
  6027 | D:7      | Killed Dowan
  6046 | D:7      | Found a staircase to the Ecumenical Temple.
  6055 | Temple   | Entered the Ecumenical Temple
  6066 | Temple   | Became a worshipper of Ru the Awakened
  6296 | D:7      | Found a runed door.
  6332 | D:7      | Noticed Crazy Yiuf
  6338 | D:7      | Killed Crazy Yiuf
  6396 | D:8      | Noticed an ice devil
  6452 | D:8      | Noticed an ice devil
  6452 | D:8      | Noticed an ice devil
  6453 | D:8      | Noticed an ice devil
  6455 | D:8      | Noticed an ice devil
  6455 | D:8      | Noticed an ice devil
  6455 | D:8      | Noticed an ice statue
  6683 | D:8      | Found Omaoxus's Assorted Antiques.
  6691 | D:8      | Bought 3 scrolls labeled RUUW DOTOLELL for 93 gold pieces
  6691 | D:8      | Bought a fizzy green potion for 27 gold pieces
  6774 | D:8      | Paralysed by a hornet for 2 turns
  7393 | D:9      | Gained mutation: You cannot study or cast Poison magic. [Ru sacrifice]
  7393 | D:9      | Gained mutation: You cannot study or cast Transmutations magic. [Ru sacrifice]
  7393 | D:9      | Gained mutation: You cannot study or cast Charms magic. [Ru sacrifice]
  7393 | D:9      | Reached * piety under Ru
  7418 | D:9      | Reached XP level 10. HP: 90/90 MP: 9/9
  7519 | D:9      | Noticed a green ugly thing
  7527 | D:9      | Killed a green ugly thing
  8127 | D:10     | Entered Level 10 of the Dungeon
  8128 | D:10     | Noticed Maurice
  8163 | D:10     | Killed Maurice
  8443 | D:10     | Found Meiclian's General Store.
  8459 | D:10     | Bought a scroll of teleportation for 42 gold pieces
  8529 | D:10     | Found Qoykkis's Food Emporium.
  8543 | D:10     | Noticed Gastronok
  8664 | D:10     | Noticed Snorg
  8666 | D:10     | Gained mutation: You are clumsy. (Dex -2) [potion of mutation]
  8666 | D:10     | Gained mutation: You can translocate small distances at will. [potion of mutation]
  8689 | D:10     | HP: 1/136 [Snorg (12)]
  8690 | D:10     | Demolished by Snorg

Skill      XL: |  1  2  3  4  5  6  7  8  9 10 |
---------------+-------------------------------+-----
Shields        | 4 5 6 7 8 9 |  9.3
Dodging        | 1 2 3 4 5 6 7 |  7.4
Axes           | 3 4 5 6 8 |  8.8
Fighting       | 4 5 6 7 8 9 |  9.2
Armour         | 4 5 6 7 8 9 |  9.2

Action                   |  1- 3 |  4- 6 |  7- 9 | 10-12 || total
-------------------------+-------+-------+-------+-------++-------
Melee: War axe           |   104 |    18 |   231 |   125 ||   478
       Headbutt          |     8 |    23 |    70 |    28 ||   129
       Hand axe          |       |    97 |   139 |       ||   236
Invok: Sacrifice Arcana  |       |       |     1 |       ||     1
  Use: Scroll            |       |       |       |     4 ||     4
       Potion            |       |       |       |     3 ||     3
  Eat: Chunk             |     1 |     6 |    13 |     5 ||    25
       Meat ration       |       |       |     1 |       ||     1
Armor: Scale mail        |    39 |    35 |     2 |       ||    76
       Plate armour      |       |       |   143 |    65 ||   208
       Skin              |       |       |       |    28 ||    28
Dodge: Dodged            |    45 |    35 |    92 |    37 ||   209
Block: Shield            |    58 |    48 |   195 |   111 ||   412
